 Dungeon Crawl Stone Soup version 0.26.1-11-gd32895ea62 (webtiles) character file.

Game seed: 6373987096137253133

180 Almogavar the Shield-Bearer (level 5, -7/33 HPs)
             Began as a Gargoyle Fighter on Apr 16, 2021.
             Mangled by an orc warrior
             ... wielding a +0 short sword
              (12 damage)
             ... on level 1 of the Dungeon.
             The game lasted 00:05:06 (2141 turns).

Almogavar the Shield-Bearer (Gargoyle Fighter)      Turns: 2141, Time: 00:05:07

Health: -7/33      AC: 14    Str: 20    XL:     5   Next: 60%
Magic:  5/5        EV:  5    Int:  9    God:
Gold:   106        SH: 10    Dex:  9    Spells: 4/4 levels left

rFire    . . .     SeeInvis .   a - +0 flail
rCold    . . .     Faith    .   c - +1 kite shield
rNeg     + . .     Spirit   .   k - +0 chain mail
rPois    ∞         Reflect  .   b - +0 helmet
rElec    +         Harm     .   (no cloak)
rCorr    .         Rampage  .   (no gloves)
Will     .....                  (no boots)
Stlth    ..........             (no amulet)
HPRegen  0.11/turn              (no ring)
MPRegen  0.09/turn              (no ring)

@: mighty
A: negative energy resistance 1, electricity resistance, unbreathing,
petrification resistance, miasma immunity, AC +4
a: no special abilities


You were on level 1 of the Dungeon.
You visited 1 branch of the dungeon, and saw 2 of its levels.

You collected 106 gold pieces.

Inventory:

Hand Weapons
 a - a +0 flail (weapon)
Missiles
 n - 29 bolts
Armour
 b - a +0 helmet (worn)
 c - a +1 kite shield (worn)
 k - a +0 chain mail (worn)
Jewellery
 l - a +4 ring of slaying {unknown}
Scrolls
 e - 2 scrolls of enchant armour
 f - a scroll of teleportation {unknown}
 g - a scroll of magic mapping
 h - a scroll of remove curse
 i - 2 scrolls of noise {unknown}
 j - 2 scrolls of identify {unknown}
Potions
 d - a potion of might
 m - 2 potions of haste {unknown}
 o - a potion of lignification {unknown}
 p - a potion of curing {unknown}
 q - a potion of invisibility {unknown}
 r - a potion of attraction {unknown}


   Skills:
 + Level 3.8 Fighting
 + Level 3.1 Maces & Flails
 + Level 4.4 Armour
 + Level 0.8 Dodging
 + Level 0.1 Stealth
 + Level 4.6 Shields


You had 4 spell levels left.
You didn't know any spells.
Your spell library was empty.

Dungeon Overview and Level Annotations

Branches:
Dungeon (2/15)

Altars:


Innate Abilities, Weirdness & Mutations

You are resistant to torment.
Your stone body is resilient. (AC +4)
You are immune to poison.
You resist negative energy. (rN+)
You are resistant to electric shocks. (rElec)
You can survive without breathing.
You are immune to petrification.
You are immune to miasma.


Message History

You closely miss the orc warrior.
The orc warrior is moderately wounded.
The orc warrior hits you with a +0 short sword!
The orc warrior hits you with a +0 short sword.
The orc wizard gestures wildly while chanting.
The orc wizard blinks!
There is a stone staircase leading up here.
You see here 5 sling bullets.
The orc warrior hits you with a +0 short sword.
You climb upwards.
There is a stone staircase leading down here.
You feel very mighty all of a sudden.
The orc warrior hits you with a +0 short sword!
* * * LOW HITPOINT WARNING * * *
Unknown command.
You barely miss the orc warrior.
The orc warrior is moderately wounded.
You block the orc warrior's attack.
The orc warrior hits you with a +0 short sword!
You die...

##############
#########....#.)o[...#
...............)@)...#
#########....#.).)...######
# #....#............# #
#....#............#
#########....#............#
.............#............#
..........................#
.............#####........#
....†........#####...######


You could see an orc warrior.

Vanquished Creatures
  An orc priest (D:2)
  Natasha (D:1)
  Robin (D:2)
  4 adders (D:2)
  2 oozes
  2 dart slugs (D:1)
  4 orcs
  2 giant cockroaches
  14 goblins
  5 hobgoblins
  7 jackals (D:2)
  5 kobolds
  A quokka (D:1)
  3 bats
  6 frilled lizards (D:1)
  5 rats
63 creatures vanquished.

Notes
Turn   | Place    | Note
-------+----------+-------------------------------------------
     0 | D:1      | Almogavar the Gargoyle Fighter began the quest for the Orb.
     0 | D:1      | Reached XP level 1. HP: 14/14 MP: 1/1
    67 | D:1      | Reached XP level 2. HP: 19/19 MP: 2/2
   332 | D:1      | Reached XP level 3. HP: 23/23 MP: 3/3
   719 | D:2      | Noticed Natasha
   790 | D:2      | Noticed Robin
   800 | D:1      | Killed Natasha
   801 | D:1      | Reached XP level 4. HP: 7/29 MP: 4/4
  1465 | D:2      | Killed Robin
  1466 | D:2      | Reached XP level 5. HP: 33/33 MP: 5/5
  2115 | D:2      | Noticed an orc warrior
  2141 | D:1      | Mangled by an orc warrior

Illustrated notes

Levels and vault maps discovered:
D:1:      zaba_arrival_water, layout_basic
D:2:      layout_basic, uniq_robin, uniq_natasha

Skill      XL: |  1  2  3  4  5 |
---------------+----------------+-----
Armour         | 4 |  4.4
Shields        | 4 |  4.6
Maces & Flails | 3 |  3.1
Fighting       | |  3.8
Dodging        | |  0.8
Stealth        | |  0.1

Action                   |  1- 3 |  4- 6 || total
-------------------------+-------+-------++-------
Melee: Flail             |    87 |   162 ||   249
  Use: Scroll            |     3 |     1 ||     4
       Potion            |     1 |     1 ||     2
Armor: Scale mail        |    64 |    29 ||    93
       Chain mail        |       |   156 ||   156
Dodge: Dodged            |    37 |    69 ||   106
Block: Kite shield       |    58 |   149 ||   207
